TOP OF THE 1ST |
Omaha Storm Chasers batting - Pitching for Charlotte Knights : RHP Steve Friesner
|
Pitching: RHP Steve Friesner
|
|
Batting: LHB Willie Gutierrez
|
0-0: Called Strike 0-1: Foul Ball, location: 2F 0-2: Foul Ball, location: 2F 0-2: Ball 1-2: Strikes out swinging
|
Batting: RHB Walt Cogswell
|
0-0: Ball 1-0: Called Strike 1-1: Ball 2-1: Ground out 1-3 (Groundball, 15S, EV 66.9 MPH)
|
Batting: RHB Taisei Fujii
|
0-0: Fly out, F7 (Flyball, 78S, EV 86.2 MPH)
|
Top of the 1st over - 0 runs, 0 hits, 0 errors, 0 left on base; Omaha 0 - Charlotte 0 |
BOTTOM OF THE 1ST |
Charlotte Knights batting - Pitching for Omaha Storm Chasers : RHP Brandon Ferrari
|
Pitching: RHP Brandon Ferrari
|
|
Batting: RHB Jeremy Hoffert
|
0-0: Ground out 5-3 (Groundball, 56, EV 101.2 MPH)
|
Batting: LHB Carlos Ramirez
|
0-0: Swinging Strike 0-1: Called Strike 0-2: Ground out 3-1 (Groundball, 3D, EV 102.5 MPH)
|
Batting: LHB Joe Kirkland
|
0-0: Ground out U3 (Groundball, 3, EV 83.8 MPH)
|
Bottom of the 1st over - 0 runs, 0 hits, 0 errors, 0 left on base; Omaha 0 - Charlotte 0 |
TOP OF THE 2ND |
Omaha Storm Chasers batting - Pitching for Charlotte Knights : RHP Steve Friesner
|
Batting: RHB Danny Weisse
|
0-0: Called Strike 0-1: Ball 1-1: DOUBLE (Flyball, 8LXD, EV 97.5 MPH)
|
Batting: RHB Yuichi Takata
|
0-0: Ground out 6-3 (Groundball, 6, EV 103.1 MPH)
|
Batting: SHB Arturo Baez
|
0-0: Ball 1-0: Ball 2-0: Called Strike 2-1: Foul Ball, location: 2F 2-2: Strikes out swinging
|
Batting: SHB Jared O'Connor
|
0-0: Called Strike 0-1: Called Strike 0-2: Foul Ball, location: 2F 0-2: Ball 1-2: Ball 2-2: SINGLE (Groundball, 4, EV 104.4 MPH) Danny Weisse to third Runner from 3rd tries for Home, SAFE, throw by CF to home Jared O'Connor to second
|
Batting: SHB David Barona
|
0-0: Ball 1-0: Called Strike 1-1: Foul Ball, location: 2F 1-2: Foul Ball, location: 2F 1-2: Foul Ball, location: 2F 1-2: Foul Ball, location: 2F 1-2: Foul Ball, location: 2F 1-2: Foul Ball, location: 2F 1-2: Fly out, F9 (Flyball, 9LSF, EV 86.2 MPH)
|
Top of the 2nd over - 1 run, 2 hits, 0 errors, 1 left on base; Omaha 1 - Charlotte 0 |
BOTTOM OF THE 2ND |
Charlotte Knights batting - Pitching for Omaha Storm Chasers : RHP Brandon Ferrari
|
Batting: RHB Fletcher Easter
|
0-0: Called Strike 0-1: Ball 1-1: Called Strike 1-2: Ball 2-2: Strikes out swinging
|
Batting: SHB Matt Childers
|
0-0: Foul Ball, location: 2F 0-1: Ball 1-1: Foul Ball, location: 2F 1-2: Ball 2-2: Fly out, F8 (Flyball, 8RXD, EV 98.1 MPH)
|
Batting: LHB Ricardo Pagan
|
0-0: Foul Ball, location: 2F 0-1: Ball 1-1: Ball 2-1: Ball 3-1: Foul Ball, location: 2F 3-2: Foul Ball, location: 2F 3-2: Base on Balls
|
Batting: LHB Adam Tarbutton
|
0-0: Called Strike 0-1: Ball 1-1: Called Strike 1-2: Ball Pickoff Throw to First - Out! 1-3
|
Bottom of the 2nd over - 0 runs, 0 hits, 0 errors, 0 left on base; Omaha 1 - Charlotte 0 |
TOP OF THE 3RD |
Omaha Storm Chasers batting - Pitching for Charlotte Knights : RHP Steve Friesner
|
Batting: RHB Jason Birge
|
0-0: Ball 1-0: Ball 2-0: Ball 3-0: Called Strike 3-1: Ground out 3-1 (Groundball, 34, EV 84.4 MPH)
|
Batting: LHB Willie Gutierrez
|
0-0: Swinging Strike 0-1: Fly out, F8 (Flyball, 78M, EV 83.1 MPH)
|
Batting: RHB Walt Cogswell
|
0-0: Ball 1-0: Swinging Strike 1-1: Called Strike 1-2: Ball 2-2: Ball 3-2: Foul Ball, location: 2F 3-2: Base on Balls
|
Batting: RHB Taisei Fujii
|
0-0: Ball 1-0: Called Strike 1-1: Called Strike 1-2: Strikes out looking
|
Top of the 3rd over - 0 runs, 0 hits, 0 errors, 1 left on base; Omaha 1 - Charlotte 0 |
BOTTOM OF THE 3RD |
Charlotte Knights batting - Pitching for Omaha Storm Chasers : RHP Brandon Ferrari
|
Batting: LHB Adam Tarbutton
|
0-0: Ball 1-0: Ball 2-0: Ground out U3 (Groundball, 34S, EV 66.9 MPH)
|
Batting: LHB Edgar Castillo
|
0-0: Foul Ball, location: 2F 0-1: Ball 1-1: Foul Ball, location: 2F 1-2: Fly out, F8 (Flyball, 8RXD, EV 109.4 MPH)
|
Batting: RHB Steve Waltenbery
|
0-0: SINGLE (Line Drive, 7S, EV 86.9 MPH)
|
Batting: RHB Jeremy Hoffert
|
0-0: Called Strike 0-1: Called Strike Steve Waltenbery steals 2nd base 0-2: Ground out 6-3 (Groundball, 6MS, EV 85.0 MPH)
|
Bottom of the 3rd over - 0 runs, 1 hit, 0 errors, 1 left on base; Omaha 1 - Charlotte 0 |
TOP OF THE 4TH |
Omaha Storm Chasers batting - Pitching for Charlotte Knights : RHP Steve Friesner
|
Batting: RHB Danny Weisse
|
0-0: Ball 1-0: SINGLE (Line Drive, 8LS, EV 97.5 MPH)
|
Batting: RHB Yuichi Takata
|
0-0: Ball Wild Pitch! Danny Weisse to second 1-0: Foul Ball, location: 2F 1-1: Called Strike 1-2: Ball 2-2: Foul Ball, location: 2F 2-2: Ball 3-2: Foul Ball, location: 2F 3-2: Foul Ball, location: 2F 3-2: Ground out U3 (Groundball, 34S, EV 82.5 MPH) Danny Weisse to third
|
Batting: SHB Arturo Baez
|
0-0: Called Strike 0-1: Called Strike 0-2: Strikes out swinging
|
Batting: SHB Jared O'Connor
|
0-0: Ground out 5-3 (Groundball, 56, EV 89.4 MPH)
|
Top of the 4th over - 0 runs, 1 hit, 0 errors, 1 left on base; Omaha 1 - Charlotte 0 |
BOTTOM OF THE 4TH |
Charlotte Knights batting - Pitching for Omaha Storm Chasers : RHP Brandon Ferrari
|
Batting: LHB Carlos Ramirez
|
0-0: Ball 1-0: Called Strike 1-1: Foul Ball, location: 2F 1-2: Strikes out looking
|
Batting: LHB Joe Kirkland
|
0-0: Ball 1-0: Ball 2-0: Foul Ball, location: 2F 2-1: Ground out 4-3 (Groundball, 4S, EV 83.1 MPH)
|
Batting: RHB Fletcher Easter
|
0-0: Swinging Strike 0-1: Ball 1-1: Foul Ball, location: 2F 1-2: Strikes out swinging
|
Bottom of the 4th over - 0 runs, 0 hits, 0 errors, 0 left on base; Omaha 1 - Charlotte 0 |
TOP OF THE 5TH |
Omaha Storm Chasers batting - Pitching for Charlotte Knights : RHP Steve Friesner
|
Batting: SHB David Barona
|
0-0: Ground out U3 (Groundball, 3, EV 86.2 MPH)
|
Batting: RHB Jason Birge
|
0-0: Ball 1-0: Ball 2-0: Ball 3-0: Base on Balls
|
Batting: LHB Willie Gutierrez
|
0-0: Fly out, F7 (Flyball, 7, EV 94.4 MPH)
|
Batting: RHB Walt Cogswell
|
0-0: Called Strike 0-1: Ball 1-1: SINGLE (Groundball, 6MS, EV 66.2 MPH) (infield hit) Jason Birge to second
|
Batting: RHB Taisei Fujii
|
0-0: Ball 1-0: Foul Ball, location: 2F 1-1: SINGLE (Groundball, 4MD, EV 110.0 MPH) Jason Birge to third Walt Cogswell to second Runner from 3rd tries for Home, SAFE, throw by CF to home
|
Batting: RHB Danny Weisse
|
0-0: Hit by Pitch Walt Cogswell to third Taisei Fujii to second
|
Batting: RHB Yuichi Takata
|
0-0: Foul Ball, location: 2F 0-1: SINGLE (Groundball, 34D, EV 94.4 MPH) Walt Cogswell scores Taisei Fujii to third Danny Weisse to second Runner from 3rd tries for Home, SAFE, throw by RF to home
|
Batting: SHB Arturo Baez
|
0-0: Called Strike 0-1: Called Strike 0-2: Ground out 2-3 (Groundball, 2L, EV 71.2 MPH)
|
Top of the 5th over - 3 runs, 3 hits, 0 errors, 2 left on base; Omaha 4 - Charlotte 0 |
BOTTOM OF THE 5TH |
Charlotte Knights batting - Pitching for Omaha Storm Chasers : RHP Brandon Ferrari
|
Batting: SHB Matt Childers
|
0-0: Ball 1-0: Ball 2-0: Ball 3-0: Called Strike 3-1: Called Strike 3-2: Foul Ball, location: 2F 3-2: Base on Balls
|
Batting: LHB Ricardo Pagan
|
0-0: Called Strike 0-1: Grounds into double play, 4-6-3 (Groundball, 4, EV 81.9 MPH)
|
Batting: LHB Adam Tarbutton
|
0-0: Ball 1-0: Ball 2-0: Ground out 4-3 (Groundball, 4M, EV 110.0 MPH)
|
Bottom of the 5th over - 0 runs, 0 hits, 0 errors, 0 left on base; Omaha 4 - Charlotte 0 |
TOP OF THE 6TH |
Omaha Storm Chasers batting - Pitching for Charlotte Knights : RHP Steve Friesner
|
Batting: SHB Jared O'Connor
|
0-0: Ball 1-0: Foul Ball, location: 2F 1-1: Ground out U3 (Groundball, 3S, EV 70.0 MPH)
|
Batting: SHB David Barona
|
0-0: Called Strike 0-1: Ball 1-1: Ball 2-1: Foul Ball, location: 2F 2-2: Ball 3-2: Foul Ball, location: 2F 3-2: Foul Ball, location: 2F 3-2: Fly out, F3 (Line Drive, 3, EV 71.2 MPH)
|
Batting: RHB Jason Birge
|
0-0: Ball 1-0: Ground out 6-3 (Groundball, 6, EV 103.1 MPH)
|
Top of the 6th over - 0 runs, 0 hits, 0 errors, 0 left on base; Omaha 4 - Charlotte 0 |
BOTTOM OF THE 6TH |
Charlotte Knights batting - Pitching for Omaha Storm Chasers : RHP Brandon Ferrari
|
Batting: LHB Edgar Castillo
|
0-0: Ball 1-0: Ground out 4-3 (Groundball, 34, EV 83.1 MPH)
|
Batting: RHB Steve Waltenbery
|
0-0: Called Strike 0-1: Foul Ball, location: 2F 0-2: Foul Ball, location: 2F 0-2: Strikes out swinging, 2-3 out at first.
|
Batting: RHB Jeremy Hoffert
|
0-0: Ground out 3-1 (Groundball, 34, EV 84.4 MPH)
|
Bottom of the 6th over - 0 runs, 0 hits, 0 errors, 0 left on base; Omaha 4 - Charlotte 0 |
TOP OF THE 7TH |
Omaha Storm Chasers batting - Pitching for Charlotte Knights : RHP Steve Friesner
|
Pitching: RHP Jesus Griego
|
|
Batting: LHB Willie Gutierrez
|
0-0: Called Strike 0-1: Ground out 4-3 (Groundball, 4, EV 90.6 MPH)
|
Batting: RHB Walt Cogswell
|
0-0: Called Strike 0-1: Foul Ball, location: 2F 0-2: Fly out, F8 (Flyball, 8RXD, EV 97.5 MPH)
|
Batting: RHB Taisei Fujii
|
0-0: Called Strike 0-1: Ball 1-1: Swinging Strike 1-2: Ball 2-2: Strikes out looking
|
Top of the 7th over - 0 runs, 0 hits, 0 errors, 0 left on base; Omaha 4 - Charlotte 0 |
BOTTOM OF THE 7TH |
Charlotte Knights batting - Pitching for Omaha Storm Chasers : RHP Brandon Ferrari
|
Batting: LHB Carlos Ramirez
|
0-0: Ground out 4-3 (Groundball, 4, EV 89.4 MPH)
|
Pitching: RHP Jake Gregor
|
|
Batting: LHB Joe Kirkland
|
0-0: Swinging Strike 0-1: Called Strike 0-2: Foul Ball, location: 2F 0-2: Ball 1-2: Foul Ball, location: 2F 1-2: Ground out 4-3 (Groundball, 4, EV 86.9 MPH)
|
Batting: RHB Fletcher Easter
|
0-0: Ball 1-0: Foul Ball, location: 2F 1-1: Swinging Strike 1-2: Foul Ball, location: 2F 1-2: Ball 2-2: Ball 3-2: Foul Ball, location: 2F 3-2: Base on Balls
|
Batting: SHB Matt Childers
|
0-0: Called Strike 0-1: Ball 1-1: Foul Ball, location: 2F 1-2: Foul Ball, location: 2F 1-2: Strikes out swinging
|
Bottom of the 7th over - 0 runs, 0 hits, 0 errors, 1 left on base; Omaha 4 - Charlotte 0 |
TOP OF THE 8TH |
Omaha Storm Chasers batting - Pitching for Charlotte Knights : RHP Jesus Griego
|
Batting: RHB Danny Weisse
|
0-0: Swinging Strike 0-1: Ball 1-1: Called Strike 1-2: Ball 2-2: Foul Ball, location: 2F 2-2: Strikes out swinging
|
Batting: RHB Yuichi Takata
|
0-0: Ball 1-0: Foul Ball, location: 2F 1-1: Foul Ball, location: 2F 1-2: Ball 2-2: DOUBLE (Line Drive, 89XD, EV 111.2 MPH)
|
Batting: SHB Arturo Baez
|
0-0: Ball 1-0: Ball 2-0: Ball 3-0: Called Strike 3-1: Fly out, F9 (Line Drive, 89S, EV 98.8 MPH)
|
Batting: SHB Jared O'Connor
|
0-0: Foul Ball, location: 2F 0-1: Ball 1-1: Ball 2-1: Foul Ball, location: 2F 2-2: SINGLE (Groundball, 4M, EV 80.0 MPH) (infield hit) Yuichi Takata to third
|
Pitching: RHP Marvin Velasco
|
|
Batting: SHB David Barona
|
0-0: Ball 1-0: Called Strike 1-1: Swinging Strike 1-2: Strikes out looking
|
Top of the 8th over - 0 runs, 2 hits, 0 errors, 2 left on base; Omaha 4 - Charlotte 0 |
BOTTOM OF THE 8TH |
Charlotte Knights batting - Pitching for Omaha Storm Chasers : RHP Jake Gregor
|
Batting: LHB Ricardo Pagan
|
0-0: Ball 1-0: Ball 2-0: Foul Ball, location: 2F 2-1: Swinging Strike 2-2: Ground out 4-3 (Groundball, 34, EV 94.4 MPH)
|
Batting: LHB Adam Tarbutton
|
0-0: Ball 1-0: Fly out, F8 (Flyball, 8LS, EV 72.5 MPH)
|
Batting: LHB Edgar Castillo
|
0-0: Foul Ball, location: 2F 0-1: Fly out, F9 (Flyball, 9, EV 81.9 MPH)
|
Bottom of the 8th over - 0 runs, 0 hits, 0 errors, 0 left on base; Omaha 4 - Charlotte 0 |
TOP OF THE 9TH |
Omaha Storm Chasers batting - Pitching for Charlotte Knights : RHP Marvin Velasco
|
Batting: RHB Jason Birge
|
0-0: Called Strike 0-1: Ball 1-1: Swinging Strike 1-2: Strikes out looking
|
Batting: LHB Willie Gutierrez
|
0-0: Ball 1-0: Ball 2-0: Ball 3-0: Called Strike 3-1: Foul Ball, location: 2F 3-2: Base on Balls
|
Batting: RHB Walt Cogswell
|
0-0: Called Strike 0-1: Ball 1-1: Foul Ball, location: 2F 1-2: Ball 2-2: Strikes out looking
|
Batting: RHB Taisei Fujii
|
0-0: Ball 1-0: Swinging Strike 1-1: Foul Ball, location: 2F 1-2: Foul Ball, location: 2F 1-2: 2-RUN HOME RUN (Flyball, 78XD, EV 110.0 MPH), Distance : 407 ft
|
Batting: RHB Danny Weisse
|
0-0: Called Strike 0-1: Foul Ball, location: 2F 0-2: Ground out 4-3 (Groundball, 4, EV 104.4 MPH)
|
Top of the 9th over - 2 runs, 1 hit, 0 errors, 0 left on base; Omaha 6 - Charlotte 0 |
BOTTOM OF THE 9TH |
Charlotte Knights batting - Pitching for Omaha Storm Chasers : RHP Jake Gregor
|
Batting: RHB Steve Waltenbery
|
0-0: Ball 1-0: Fly out, F4 (Popup, 4M, EV 78.1 MPH)
|
Batting: RHB Jeremy Hoffert
|
0-0: Ball 1-0: Called Strike 1-1: Ground out U3 (Groundball, 3S, EV 77.5 MPH)
|
Batting: LHB Carlos Ramirez
|
0-0: Ball 1-0: Ball 2-0: Swinging Strike 2-1: Ground out 4-3 (Groundball, 4, EV 103.1 MPH)
|
Bottom of the 9th over - 0 runs, 0 hits, 0 errors, 0 left on base; Omaha 6 - Charlotte 0 |
|